 Dungeon Crawl Stone Soup version 0.19.1-1-g22dce08 (webtiles) character file.

37 Khalor the Skirmisher (level 3, 0/60 HPs)
             Began as an Ogre Berserker on Jan 4, 2017.
             Was a Follower of Trog.
             Slain by a gnoll
             ... wielding a +0 spear
              (6 damage)
             ... on level 2 of the Dungeon.
             The game lasted 00:09:11 (1468 turns).

Khalor the Skirmisher (Ogre Berserker)              Turns: 1468, Time: 00:09:11

Health: 0/60       AC:  3    Str: 28    XL:     3   Next: 39%
Magic:  3/3        EV: 10    Int:  6    God:    Trog [*.....]
Gold:   42         SH:  0    Dex:  9    Spells: 0 memorised, 2 levels left

rFire  . . .     SeeInvis .     a - +0 falchion
rCold  . . .     Gourm    .     b - +0 animal skin
rNeg   . . .     Faith    .     (no shield)
rPois  .         Spirit   .     (helmet restricted)
rElec  .         Reflect  .     (no cloak)
rCorr  .         Harm     .     (gloves unavailable)
MR     .....                    (boots unavailable)
Stlth  ..........               (no amulet)
                                (no ring)
                                (no ring)

@: berserking, very quick
A: unfitting armour, tough skin 1
a: Berserk, Burn Spellbooks, Renounce Religion


You were on level 2 of the Dungeon.
You worshipped Trog.
Trog was aware of your devotion.
You were not hungry.

You visited 1 branch of the dungeon, and saw 2 of its levels.

You collected 42 gold pieces.

Inventory:

Hand Weapons
 a - a +0 falchion (weapon)
 f - a +0 club
 i - a +0 whip
 m - a +0 whip
 n - a +0 hand axe
 o - a +0 whip
 r - a +0 dagger
Missiles
 h - 26 stones (quivered)
 j - 24 arrows
 q - a throwing net
 t - 33 bolts
Armour
 b - a +0 animal skin (worn)
 e - a +0 ring mail
 g - a +0 chain mail
 k - a +0 ring mail
Scrolls
 d - a scroll of noise {unknown}
 l - 3 scrolls of remove curse {unknown}
 s - a scroll of fog {unknown}
Potions
 p - 3 potions of curing {unknown}
 v - a potion of haste {unknown}
Comestibles
 c - 2 bread rations
 u - a chunk of flesh


   Skills:
 + Level 4.5 Fighting
 + Level 2.7 Long Blades
 + Level 3.1 Dodging


You had 2 spell levels left.
You didn't know any spells.

Dungeon Overview and Level Annotations

Branches:
Dungeon (2/15)

Altars:
Cheibriados
Elyvilon
Sif Muna


Innate Abilities, Weirdness & Mutations

You are too large for most types of armour.
You have tough skin. (AC +1)


Message History

The gnoll hits you from afar with a spear.
The gnoll hits you from afar with a spear!
The gnoll hits you from afar with a spear.
The gnoll hits you but does no damage. The gnoll closely misses you.
You hit the gnoll.
The gnoll is moderately wounded.
The gnoll hits you from afar with a spear.
The gnoll hits you with a spear. x2
You closely miss the gnoll.
The gnoll is moderately wounded.
The gnoll completely misses you. The gnoll hits you with a spear!
* * * LOW HITPOINT WARNING * * *
The gnoll misses you.
You riposte.
You slash the gnoll!
The gnoll is almost dead.
A red film seems to cover your vision as you go berserk!
You feel yourself moving faster!
You feel mighty! The gnoll hits you with a spear!
* * * LOW HITPOINT WARNING * * *
The gnoll hits you from afar with a spear.
You die...

###.........# #.#
#..........#####.##
#.##..._..........##
#. ##.....####.....#
# #.........#...##
#.#.#.###.##..#
#.###.#.#.# #. .....
#.....g.#.######..###
#.....g@..........#
#.###g##$######.>.#
#. #.# .... .. #.#
..... .. ..# ... ....
... ....# .....#
!...###


You could see 3 gnolls.

Vanquished Creatures
  An adder (D:2)
  2 dart slugs
  A ball python (D:2)
  4 bats
  3 goblins
  A hobgoblin (D:1)
  4 kobolds (D:1)
  2 quokkas (D:2)
  3 frilled lizards
  4 rats
25 creatures vanquished.

Notes
Turn   | Place    | Note
-------+----------+-------------------------------------------
     0 | D:1      | Khalor the Ogre Berserker began the quest for the Orb.
     0 | D:1      | Reached XP level 1. HP: 24/24 MP: 1/1
   238 | D:1      | Reached XP level 2. HP: 33/33 MP: 2/2
   996 | D:2      | Reached XP level 3. HP: 40/40 MP: 3/3
  1416 | D:2      | Found a snail-covered altar of Cheibriados.
  1418 | D:2      | Found a white marble altar of Elyvilon.
  1419 | D:2      | Found a deep blue altar of Sif Muna.
  1468 | D:2      | Slain by a gnoll

Skill      XL: |  1  2 |
---------------+-------+-----
Dodging        | 3 |  3.1
Fighting       | |  4.5
Long Blades    | |  2.7

Action                   || total
-------------------------++-------
Melee: Falchion          ||    55
Invok: Berserk           ||     1
  Eat: Chunk             ||     2
       Bread ration      ||     1
Armor: Animal skin       ||    34
Dodge: Dodged            ||    44
       Rpst.: Falchion   ||    16
